 Dungeon Crawl Stone Soup version 0.21.3-3-g218456f21e (webtiles) character file.

15 CurlyBrace the Ducker (level 2, 1/11 HPs)
             Began as a Felid Earth Elementalist on Feb 17, 2021.
             Quit the game on level 5 of the Dungeon.
             The game lasted 00:02:12 (168 turns).

CurlyBrace the Ducker (Felid Earth Elementalist)     Turns: 168, Time: 00:02:13

Health: 1/11       AC:  1    Str:  4    XL:     2   Next: 34%
Magic:  1/6        EV: 18    Int: 16    God:
Gold:   0          SH:  0    Dex: 16    Spells: 4/5 levels left
                                        Lives:  0   Deaths: 0

rFire    . . .     SeeInvis +   (weapon unavailable)
rCold    . . .     Gourm    .   (shield unavailable)
rNeg     . . .     Faith    .   (armour unavailable)
rPois    .         Spirit   .   (helmet unavailable)
rElec    .         Reflect  .   (cloak unavailable)
rCorr    .         Harm     .   (gloves unavailable)
MR       .....                  (boots unavailable)
Stlth    +++.......             (no amulet)
HPRegen  0.03/turn              (no ring)
MPRegen  0.10/turn              (no ring)

@: lethally poisoned (1 -> -4), quick
A: very small, no armour, no weapons or thrown items, stealth, claws 1, fangs 3,
see invisible, carnivore, speed 1, shaggy fur 1, slow metabolism 1, sharp paws
a: no special abilities


You were on level 5 of the Dungeon.
You were not hungry.

You visited 1 branch of the dungeon, and saw 4 of its levels.

Inventory:

Missiles
 b - 23 stones
Potions
 a - a potion of flight
Books
 d - a book of Geomancy

   Spells                             Type                      Level
   a - Sandblast                      Earth                        1
   b - Passwall                       Transmutation/Earth          2
   c - Stone Arrow                    Conjuration/Earth            3
   d - Petrify                        Transmutation/Earth          4
   e - Lee's Rapid Deconstruction     Earth                        5
Comestibles
 e - a ration


   Skills:
 + Level 0.0 Fighting
 - Level 3.1 Dodging
 - Level 3.0 Stealth
 + Level 0.0 Unarmed Combat
 - Level 2.0 Spellcasting
   Level 1.1 Transmutations
 - Level 3.1 Earth Magic


You had 4 spell levels left.
You knew the following spells:

 Your Spells              Type           Power        Failure   Level  Hunger
a - Sandblast             Erth           ##....       5%          1    #......


Dungeon Overview and Level Annotations

Branches:
Dungeon (3/15)

Altars:

Annotations:
D:3 P0WERM0DE's ghost, amateur FoNe


Innate Abilities, Weirdness & Mutations

You cannot wear armour.
You are incapable of wielding weapons or throwing items.
Your paws allow you to move quietly. (Stealth)
You have sharp claws.
You have razor-sharp teeth.
You have supernaturally acute eyesight. (SInv)
You are carnivorous and can eat meat at any time.
You cover ground quickly.
You are covered in fur. (AC +1)
You have a slow metabolism.
Your sharp claws are effective at attacking unaware monsters.


Message History

The stone hits you but does no damage.
You see here a stone.
The goblin unwields an uncursed hunting sling.
The goblin misses you.
There is a shaft here.
Really dive through this shaft in the floor?
You fall through a shaft for 2 floors!
The shaft crumbles and collapses.
You hear the hiss of flowing sand.
There is an entrance to an ossuary on this level.
Hurry and find it before the portal is buried!
An orc priest, 2 orc wizards and a centaur come into view.
The orc priest shouts!
The orc wizard shouts!
The centaur shouts!
Found a scroll labeled DOERUBU ASOTSE.
Unknown command.
As you read the scroll labeled EDIAZU BOLUDD, it crumbles to dust.
You feel blessed for a moment.
It was a scroll of remove curse.
* * * LOW HITPOINT WARNING * * *
You feel sick. The centaur barely misses you.
The orc wizard completely misses you.
Are you sure you want to abandon this character and quit the game? (Confirm with "yes".)

.##### .?...
#...# #...#
.... # #..#
#.##o#..###.#
#...oc@o....#
####.########
#


You could see a centaur, an orc priest and 2 orc wizards.

Vanquished Creatures
  An adder (D:2)
  A worm (D:2)
  A kobold (D:1)
  A bat (D:1)
  A rat (D:1)
5 creatures vanquished.

Notes
Turn   | Place    | Note
-------+----------+-------------------------------------------
     0 | D:1      | CurlyBrace the Felid Earth Elementalist began the quest for the Orb.
     0 | D:1      | Reached XP level 1. HP: 7/7 MP: 4/4
   153 | D:2      | Reached XP level 2. HP: 3/11 MP: 0/6
   162 | D:3      | Noticed P0WERM0DE's ghost (amateur FoNe)
   166 | D:3      | You fall through a shaft for 2 floors!
   166 | D:5      | Entered Level 5 of the Dungeon
   166 | D:5      | Noticed a centaur
   168 | D:5      | Quit the game

Skill      XL: |  1 |
---------------+----+-----
Stealth        | 3 |  3.0
Dodging        | 3 |  3.1
Earth Magic    | 3 |  3.1
Spellcasting   | |  2.0
Transmutations | |  1.1

Action                   || total
-------------------------++-------
Melee: Unarmed           ||     6
       Bite              ||     2
 Cast: Sandblast         ||     7
  Use: Scroll            ||     2
 Stab: Sleeping          ||     2
Armor: Skin              ||     1
Dodge: Dodged            ||     4
